AoeStats
← Samuel Levoid

Enclosed

506297779Analyzed
1v1 RM · 20d ago on Sep 13, 2026· 59m 4s· 2 players
Game mode
Random Map
Map size
Tiny (2 player)
Population
200
Speed
Normal
Resources
Standard
Victory
Conquest
Starting age
Dark Age
Ending age
Imperial Age
RankedLock teamsTeams togetherTeam positionsShared explorationLock speedFull tech treeHidden civsTurbo modeCheats
Victory
Defeat
🇨🇱 Teutons · Chile
1037
+15
🇨🇳 Poles · China
1009
-15
darker
5:38 Loom
11:20 Feudal Age
12:36 Man-at-Arms
14:05 Double-Bit Axe
16:51 Horse Collar
21:35 Castle Age
19:54 Bloodlines
20:17 Scale Barding Armor
23:46 Heavy Plow
23:59 Bow Saw
25:00 Forging
28:48 Pikeman
32:06 Squires
32:09 Husbandry
35:12 Chain Barding Armor
35:28 Iron Casting
36:30 Light Cavalry
37:59 Wheelbarrow
42:47 Imperial Age
40:34 Hand Cart
40:22 Stone Mining
40:23 Gold Mining
40:20 Treadmill Crane
42:38 Stone Shaft Mining
43:13 Cavalier
44:27 Szlachta Privileges
44:43 Conscription
46:16 Blast Furnace
45:43 Winged Hussar
46:46 Lechitic Legacy
47:16 Scale Mail Armor
52:19 Chain Mail Armor
52:38 Long Swordsman
Samuel Levoid
10:11 Feudal Age
9:46 Loom
10:43 Double-Bit Axe
21:49 Castle Age
21:03 Horse Collar
21:14 Town Watch
21:55 Bloodlines
21:47 Gold Mining
22:11 Scale Mail Armor
22:25 Forging
23:10 Pikeman
25:52 Bow Saw
28:33 Wheelbarrow
32:31 Chain Mail Armor
32:51 Iron Casting
36:29 Hand Cart
37:00 Town Patrol
40:40 Imperial Age
39:54 Squires
39:39 Arson
40:16 Heavy Plow
40:45 Cavalier
41:51 Conscription
43:03 Plate Mail Armor
43:34 Blast Furnace
43:35 Halberdier
45:37 Scale Barding Armor
45:34 Paladin
51:07 Chain Barding Armor
52:17 Ironclad
55:30 Plate Barding Armor
56:09 Fletching
56:20 Padded Archer Armor
57:51 Bodkin Arrow
60:08 Chemistry
59:28 Ballistics
59:15 Siege Engineers
Connection lost

Rejoining the realm…

Still unreachable

The connection could not be restored.

Session expired

The server has moved on; the page needs a fresh start.